 Dungeon Crawl Stone Soup version 0.31.0-32-g396128a36d (webtiles) character file.

Game seed: 12564257544587492515

1150 unlimited1921 the Chopper (level 8, -17/67 HPs)
             Began as a Gnoll Cinder Acolyte on Apr 18, 2024.
             Was a High Priest of Ignis.
             Killed from afar by an acid dragon (35 damage)
             ... with a splash of acid
             ... on level 6 of the Dungeon.
             The game lasted 00:20:26 (9174 turns).

unlimited1921 the Chopper (Gnoll Cinder Acolyte)    Turns: 9174, Time: 00:20:26

Health: -17/67     AC:  2    Str: 14    XL:     8   Next: 38%
Magic:  14/14      EV: 12    Int: 21    God:    Ignis [*****.]
Gold:   144        SH:  5    Dex:  8    Spells: 13/15 levels left

rFire   + . .        b - +7 captain's cutlass {speed, disarm}
rCold   . . .        (no shield)
rNeg    . . .        E - +2 leather armour {rPois}
rPois   +            z - +0 helmet
rElec   .            (no cloak)
rCorr   .            (no gloves)
SInv    .            (no boots)
Will    .....        A - amulet of reflection
Stlth   ++           C - +6 ring of intelligence
HPRegen 0.31/turn    (no ring)
MPRegen 0.14/turn

%: reflection
@: corroded
A: fangs 1, strong nose, distributed training
a: Renounce Religion, Fiery Armour, Foxfire Swarm, Rising Flame


You were on level 6 of the Dungeon.
You worshipped Ignis.
Ignis was extremely pleased with you.
You visited 1 branch of the dungeon, and saw 6 of its levels.

You collected 144 gold pieces.

Inventory:

Hand Weapons
 a - a -1 hand axe of flaming
 b - the +7 captain's cutlass (weapon) {speed, disarm}
   (You found it on level 5 of the Dungeon)
 t - a +1 vampiric falchion
 D - a +6 flail of draining
Missiles
 u - 2 poisoned darts (quivered)
 w - 7 boomerangs
Armour
 j - a +0 chain mail
 k - a +0 ring mail
 x - a +0 scale mail
 z - a +0 helmet (worn)
 E - a +2 leather armour of poison resistance (worn)
Jewellery
 A - an amulet of reflection (around neck)
 C - a +6 ring of intelligence (left hand)
Wands
 s - a wand of flame (20)
Scrolls
 c - 2 scrolls of teleportation {unknown}
 e - 2 scrolls of noise {unknown}
 f - a scroll of poison {unknown}
 g - a scroll of blinking
 h - a scroll of enchant armour
 i - a scroll of silence {unknown}
 l - 2 scrolls of enchant weapon {unknown}
 m - a scroll of fear {unknown}
 n - 2 scrolls of revelation {unknown}
 p - a scroll of brand weapon {unknown}
 v - a scroll of fog {unknown}
 y - a scroll of torment
Potions
 d - a potion of resistance {unknown}
 o - 3 potions of curing {unknown}
 q - 2 potions of invisibility
 r - a potion of berserk rage
 B - 2 potions of attraction
 F - a potion of lignification {unknown}


   Skills:
 + Level 7.4 Fighting
 + Level 3.3 Short Blades
 + Level 3.3 Long Blades
 + Level 7.4 Axes
 + Level 3.3 Maces & Flails
 + Level 3.3 Polearms
 + Level 3.3 Staves
 + Level 3.3 Ranged Weapons
 + Level 3.3 Throwing
 + Level 3.3 Armour
 + Level 3.3 Dodging
 + Level 3.3 Stealth
 + Level 3.3 Shields
 + Level 3.3 Unarmed Combat
 + Level 4.4 Spellcasting
 + Level 2.7 Conjurations
 + Level 2.7 Hexes
 + Level 2.7 Summonings
 + Level 2.7 Necromancy
 + Level 2.7 Translocations
 + Level 6.1 Fire Magic
 + Level 2.7 Ice Magic
 + Level 2.7 Air Magic
 + Level 2.7 Earth Magic
 + Level 2.7 Alchemy
 + Level 3.7 Invocations
 + Level 3.3 Evocations
 + Level 3.0 Shapeshifting


You had 13 spell levels left.
You knew the following spells:

 Your Spells              Type           Power      Damage    Failure   Level
a - Scorch                Fire           60%        2d7       1%          2

Your spell library contained the following spells:

 Spells                   Type           Power      Damage    Failure   Level
 Kiss of Death            Conj/Necr      64%        2d10      4%          1
 Necrotise                Necr           64%        1d7       4%          1
 Confusing Touch          Hex            16%        N/A       14%         3
 Fugue of the Fallen      Necr           16%        N/A       14%         3
 Gell's Gravitas          Tloc           16%        N/A       14%         3
 Ozocubu's Armour         Ice            16%        N/A       14%         3
 Teleport Other           Tloc           16%        N/A       14%         3
 Vampiric Draining        Necr           16%        2d7       14%         3
 Dispel Undead            Necr           16%        3d10      41%         4
 Manifold Assault         Tloc           16%        N/A       41%         4
 Martyr's Knell           Necr/Summ      16%        N/A       41%         4
 Curse of Agony           Necr           16%        N/A       77%         5
 Dispersal                Tloc           8%         N/A       100%        6


Dungeon Overview and Level Annotations

Branches:
Dungeon (6/15)             Temple (0/1) D:4

Altars:
Cheibriados
Dithmenos
Kikubaaqudgha
Sif Muna
Trog
Wu Jian

Shops:
D:2 :


Innate Abilities, Weirdness & Mutations

You have very sharp teeth.
Your uncanny sense of smell can sniff out nearby items.
Your experience applies equally to all skills.


Message History

The puff of flame hits you. You resist.
You hit the orc wizard.
The orc wizard is heavily wounded.
You closely miss the orc wizard.
The orc wizard is heavily wounded.
The orc wizard hits you but does no damage.
You hit the orc wizard.
The orc wizard is severely wounded.
The orc wizard hits you with a +0 dagger.
You puncture the orc wizard!
You kill the orc wizard!
The orc hits you with a +0 short sword. The acid dragon misses you.
The acid dragon claws you.
The orc wizard hits you with a +4 dagger.
Items here: )) [[[.
You barely miss the acid dragon. The orc hits you with a +0 short sword.
The acid dragon barely misses you. The acid dragon claws you.
The orc wizard hits you with a +4 dagger.
You puncture the acid dragon!
The acid dragon is moderately wounded.
The acid dragon spits acid at you. The splash of acid hits you!!
The acid corrodes you! You block the orc's attack.
The orc wizard hits you with a +4 dagger.
You are too injured to fight recklessly!
You are too injured to fight recklessly!
You see here a +0 short sword.
The acid dragon attacks as it pursues you!
The acid dragon completely misses you. The acid dragon claws you.
The acid dragon spits acid at you. The splash of acid hits you.
* * * LOW HITPOINT WARNING * * *
The acid corrodes you!
The orc wizard casts a spell.
The orc wizard flickers and vanishes!
Deactivating autopickup; reactivate with Ctrl-A.
The acid dragon spits acid at you. The splash of acid hits you!!
Ouch! That really hurt!
You die...

#.....# #+# #.....#
#.# #.....# #.# #o#
##>##
#o#########...##
#.##...........#
#.##.####.#<..#####
#...o.###.#..........
####.D..@....########
##........#
######...# ###.# #.#
... .## ..


You could see an acid dragon (catching breath) and an orc.

Vanquished Creatures
  Edmund (D:5)
  A water moccasin (D:6)
  2 black bears
  An ogre (D:4)
  2 scorpions (D:5)
  A howler monkey (D:5)
  A hound (D:3)
  A jelly (D:4)
  A gnoll bouda (D:5)
  Natasha (thrice) (D:2)
  3 iguanas (D:4)
  An orc wizard (D:6)
  13 gnolls
  8 adders
  2 ribbon worms
  A dart slug (D:1)
  5 orcs
  4 endoplasms
  5 goblins
  6 hobgoblins
  3 kobolds
  2 quokkas
  A ball python (D:3)
  6 bats
  2 frilled lizards
  2 rats (D:2)
78 creatures vanquished.

Notes
Turn   | Place    | Note
-------+----------+-------------------------------------------
     0 | D:1      | unlimited1921 the Gnoll Cinder Acolyte began the quest for
                  | the Orb.
     0 | D:1      | Reached XP level 1. HP: 23/23 MP: 4/4
   604 | D:1      | Reached XP level 2. HP: 26/29 MP: 5/5
   719 | D:1      | Learned a level 2 spell: Scorch
  1592 | D:2      | Found Huin's Book Shoppe.
  1592 | D:2      | Noticed a walking divine tome
  1728 | D:2      | Noticed a walking frostbound tome
  1788 | D:2      | Reached XP level 3. HP: 28/35 MP: 1/7
  1908 | D:2      | Reached skill level 1 in Invocations
  2337 | D:2      | Reached skill level 1 in Short Blades
  2337 | D:2      | Reached skill level 1 in Long Blades
  2337 | D:2      | Reached skill level 1 in Maces & Flails
  2337 | D:2      | Reached skill level 1 in Polearms
  2337 | D:2      | Reached skill level 1 in Staves
  2337 | D:2      | Reached skill level 1 in Ranged Weapons
  2337 | D:2      | Reached skill level 1 in Throwing
  2337 | D:2      | Reached skill level 1 in Armour
  2337 | D:2      | Reached skill level 1 in Dodging
  2337 | D:2      | Reached skill level 1 in Stealth
  2337 | D:2      | Reached skill level 1 in Shields
  2337 | D:2      | Reached skill level 1 in Unarmed Combat
  2337 | D:2      | Reached skill level 1 in Evocations
  2397 | D:2      | Reached skill level 1 in Shapeshifting
  2397 | D:2      | Reached XP level 4. HP: 41/41 MP: 3/8
  2489 | D:2      | Reached skill level 1 in Conjurations
  2489 | D:2      | Reached skill level 1 in Hexes
  2489 | D:2      | Reached skill level 1 in Summonings
  2489 | D:2      | Reached skill level 1 in Necromancy
  2489 | D:2      | Reached skill level 1 in Translocations
  2489 | D:2      | Reached skill level 1 in Ice Magic
  2489 | D:2      | Reached skill level 1 in Air Magic
  2489 | D:2      | Reached skill level 1 in Earth Magic
  2489 | D:2      | Reached skill level 1 in Alchemy
  2698 | D:2      | Noticed Natasha
  2704 | D:2      | Killed Natasha
  2704 | D:2      | Noticed a black bear
  2711 | D:2      | Killed a black bear
  2712 | D:2      | Reached XP level 5. HP: 20/47 MP: 1/9
  3334 | D:2      | Noticed Natasha
  3342 | D:2      | Killed Natasha
  3343 | D:2      | Reached XP level 6. HP: 31/53 MP: 4/11
  3387 | D:2      | Noticed Natasha
  3390 | D:2      | Killed Natasha
  4059 | D:3      | Found a snail-covered altar of Cheibriados.
  4872 | D:3      | Found an ancient bone altar of Kikubaaqudgha.
  5428 | D:4      | Found a staircase to the Ecumenical Temple.
  5863 | D:4      | Found a shimmering blue altar of Sif Muna.
  6372 | D:4      | Reached XP level 7. HP: 46/60 MP: 5/12
  7512 | D:4      | Found a bloodstained altar of Trog.
  7514 | D:4      | Found an ornate altar of the Wu Jian Council.
  7522 | D:4      | Found a shadowy altar of Dithmenos.
  7669 | D:5      | Entered Level 5 of the Dungeon
  8427 | D:5      | Reached XP level 8. HP: 54/67 MP: 9/14
  8476 | D:5      | Noticed Edmund
  8489 | D:5      | Killed Edmund
  8738 | D:5      | Found the +7 captain's cutlass {speed, disarm}
  9174 | D:6      | Killed from afar by an acid dragon

Illustrated notes

Levels and vault maps discovered:
D:1:      ebering_trefoil_3fold, layout_loops_corners
D:2:      layout_loops_ring, serial_shops, nicolae_shop_mannequins,
          minivault_14, kennysheep_path_1, kennysheep_generic_room_7,
          uniq_natasha
D:3:      layout_loops_ring, slow_altar_1, nicolae_kikubaaqudgha_miasma_corner
D:4:      layout_basic, lemuel_round_altar, grunt_temple_overflow_diamond,
          minmay_temple_entry_tees
D:5:      layout_basic, corexii_hall_statues_i, uniq_edmund
D:6:      cheibrodos_helix_gallery, layout_loops_corners, serial_shops, shop,
          hangedman_abyss_or_decor_slice

Skill      XL: |  1  2  3  4  5  6  7  8 |
---------------+-------------------------+-----
Invocations    | 1 2 3 |  3.7
Short Blades   | 1 2 3 |  3.3
Long Blades    | 1 2 3 |  3.3
Maces & Flails | 1 2 3 |  3.3
Polearms       | 1 2 3 |  3.3
Staves         | 1 2 3 |  3.3
Ranged Weapons | 1 2 3 |  3.3
Throwing       | 1 2 3 |  3.3
Armour         | 1 2 3 |  3.3
Dodging        | 1 2 3 |  3.3
Stealth        | 1 2 3 |  3.3
Shields        | 1 2 3 |  3.3
Unarmed Combat | 1 2 3 |  3.3
Evocations     | 1 2 3 |  3.3
Spellcasting   | 3 4 |  4.4
Shapeshifting  | 1 2 3 |  3.0
Conjurations   | 1 2 |  2.7
Hexes          | 1 2 |  2.7
Summonings     | 1 2 |  2.7
Necromancy     | 1 2 |  2.7
Translocations | 1 2 |  2.7
Ice Magic      | 1 2 |  2.7
Air Magic      | 1 2 |  2.7
Earth Magic    | 1 2 |  2.7
Alchemy        | 1 2 |  2.7
Fighting       | 7 |  7.4
Axes           | 7 |  7.4
Fire Magic     | 6 |  6.1

Action                     |  1- 3 |  4- 6 |  7- 9 || total
---------------------------+-------+-------+-------++-------
  Melee: Hand axe          |    45 |    14 |       ||    59
         Bite              |     2 |    10 |     5 ||    17
         Falchion          |       |    58 |    44 ||   102
         Punch             |       |     1 |       ||     1
         Cutlass           |       |       |    24 ||    24
   Cast: Scorch            |    12 |    38 |    31 ||    81
    Use: Scroll            |       |       |     7 ||     7
   Stab: Sleeping          |       |     1 |     1 ||     2
 Armour: Robe              |    26 |    48 |       ||    74
         Leather armour    |       |    23 |    52 ||    75
  Dodge: Dodged            |    25 |    52 |    28 ||   105
  Block: Other             |       |       |    12 ||    12
